 Dungeon Crawl Stone Soup version 0.29.1-2-gbd0b4ee654 (webtiles) character file.

Game seed: 13650539667421240589

4925 DildoBatman the Thaumaturge (level 10, -1/74 HPs)
             Began as a Formicid Conjurer on Nov 3, 2022.
             Was an Initiate of Kikubaaqudgha.
             Slain by a warg (11 damage)
             ... on level 8 of the Dungeon.
             The game lasted 00:26:31 (8503 turns).

DildoBatman the Thaumaturge (Formicid Conjurer)     Turns: 8503, Time: 00:26:31

Health: -1/74      AC:  7    Str: 11    XL:     10   Next: 81%
Magic:  4/22       EV: 14    Int: 19    God:    Kikubaaqudgha [......]
Gold:   1629       SH:  0    Dex: 22    Spells: 16/25 levels left

rFire   . . .      SeeInvis +   a - +3 great sword (freeze)
rCold   . . .      Faith    .   (no shield)
rNeg    + . .      Spirit   .   t - +2 robe {rN+}
rPois   .          Reflect  .   (helmet unavailable)
rElec   .          Harm     .   h - +1 cloak
rCorr   +          Rampage  .   (no gloves)
Will    ++...                   o - +0 pair of boots
Stlth   +++.......              g - amulet of the acrobat
HPRegen 1.02/turn               q - ring of resist corrosion
MPRegen 0.18/turn               G - +6 ring of dexterity

@: freezing walls
A: permanent stasis, dig shafts and tunnels, antennae 3, four strong arms,
strong-willed 1, regeneration 1, screaming 1, MP-powered wands
a: Dig, Shaft Self, Renounce Religion


You were on level 8 of the Dungeon.
You worshipped Kikubaaqudgha.
Kikubaaqudgha was noncommittal.
You visited 2 branches of the dungeon, and saw 9 of its levels.
You also visited: Ossuary.

You collected 1629 gold pieces.

Inventory:

Hand Weapons
 a - a +3 great sword of freezing (weapon)
 b - a +0 sling
Missiles
 e - 19 poisoned darts (quivered)
 n - 65 stones
 z - a throwing net
Armour
 h - a +1 cloak (worn)
 o - a +0 pair of boots (worn)
 t - a +2 robe of positive energy (worn)
Jewellery
 g - an amulet of the acrobat (around neck)
 q - a ring of resist corrosion (left hand)
 G - a +6 ring of dexterity (right hand)
Wands
 c - a wand of mindburst (13)
 s - a wand of roots (27)
 u - a wand of flame (13)
Scrolls
 d - 6 scrolls of fog
 f - 4 scrolls of poison
 i - 2 scrolls of enchant weapon {unknown}
 j - 2 scrolls of fear
 k - a scroll of summoning {unknown}
 l - 2 scrolls of vulnerability {unknown}
 m - 3 scrolls of amnesia {unknown}
 y - a scroll of blinking {unknown}
 B - 3 scrolls of immolation
 C - 4 scrolls of enchant armour {unknown}
 D - 2 scrolls of noise {unknown}
 F - 4 scrolls of magic mapping {unknown}
Potions
 p - 2 potions of flight {unknown}
 r - a potion of cancellation {unknown}
 v - 3 potions of magic
 w - 4 potions of lignification
 x - a potion of degeneration {unknown}
 A - 2 potions of might {unknown}
 E - 2 potions of heal wounds
 H - a potion of curing


   Skills:
 - Level 5.0 Fighting
 - Level 5.0 Armour
 - Level 3.0 Dodging
 - Level 2.4 Stealth
 - Level 8.0 Spellcasting
 - Level 6.0 Conjurations
 - Level 6.0 Fire Magic
 * Level 7.4 Ice Magic


You had 16 spell levels left.
You knew the following spells:

 Your Spells              Type           Power      Damage    Failure   Level
a - Searing Ray           Conj           60%        2d6       1%          2
b - Conjure Flame         Conj/Fire      30%        6-21      2%          3
c - Magic Dart            Conj           100%       1d8       1%          1
e - Frozen Ramparts       Ice            70%        1d11      1%          3

Your spell library contained the following spells:

 Spells                   Type           Power      Damage    Failure   Level
 Freeze                   Ice            100%       1d11      1%          1
 Ensorcelled Hibernation  Hex/Ice        42%        N/A       3%          2
 Hailstorm                Conj/Ice       33%        3d8       6%          4
 Dazzling Flash           Conj/Hex       38%        N/A       8%          3
 Sticky Flame             Conj/Fire      30%        2d5       8%          4
 Ignite Poison            Fire/Tmut/Pois 15%        N/A       12%         3
 Spider Form              Tmut/Pois      7%         N/A       26%         3
 Summon Guardian Golem    Hex/Summ       7%         N/A       26%         3
 Fulminant Prism          Conj/Hex       9%         3d7       26%         4
 Iskenderun's Mystic Bla  Conj/Tloc      19%        2d6       26%         4
 Anguish                  Hex/Necr       3%         N/A       65%         4
 Orb of Destruction       Conj           15%        9d7       100%        7
 Spellforged Servitor     Conj/Summ      9%         N/A       100%        7


Dungeon Overview and Level Annotations

Branches:
Dungeon (8/15)             Temple (1/1) D:7         Ossuary (visited)
   Lair: D:8-11

Altars:
Ashenzari
Cheibriados
Dithmenos
Elyvilon
Fedhas
Gozag
Hepliaklqana
Kikubaaqudgha
Makhleb
Nemelex Xobeh
Okawaru
Qazlal
Ru
Sif Muna
Trog
Uskayaw
Vehumet
Wu Jian
Xom
Yredelemnul
Zin
The Shining One

Annotations:
D:7 Joseph


Innate Abilities, Weirdness & Mutations

You cannot be hasted, slowed, berserked, paralysed or teleported.
You can dig through walls and to a lower floor.
You have a pair of large antennae on your head. (SInv)
Your four strong arms can wield two-handed weapons with a shield.
You are strong-willed. (Will+)
Your natural rate of healing is unusually fast.
You occasionally shout uncontrollably at your foes.
You expend magic power (3 MP) to strengthen your wands.


Message History

Confirm with . or Enter, or press ? or * to list all spells.
Aiming: Searing Ray (safe; 1% risk of failure)
Press: ? - help, Shift-Dir - straight line, f - warg
Aim: a warg (74% to hit)
The searing ray hits the warg!
The warg is moderately wounded. (Press . to maintain the ray.)
The warg bites you. The orc completely misses you. The warg bites you!
Casting: Searing Ray (safe; 1% risk of failure)
Confirm with . or Enter, or press ? or * to list all spells.
Casting: Frozen Ramparts (safe; 1% risk of failure)
Press: ? - help, Dir - look around, f - activate The walls around you are covered in ice.
The wall freezes the orc!
You kill the orc!
Kikubaaqudgha accepts your kill.
The wall freezes the warg but does no damage.
The warg closely misses you.
You miss the warg.
The warg is moderately wounded.
The wall freezes the warg but does no damage.
The warg barely misses you.
The wall freezes the warg. x2
The warg bites you!
You slice the warg!! You freeze the warg!
You kill the warg!
Kikubaaqudgha accepts your kill.
The wall freezes the warg.
The warg bites you.
The wall freezes the warg.
The warg bites you.
You completely miss the warg.
The warg is moderately wounded.
The wall freezes the warg.
The warg bites you!
You die...
Kikubaaqudgha rasps: "You have failed me!
Welcome... death!"

... ...##.#..............
...##...... ............
..........# ###.........
..........####...........
.........##......##......
..........##.............
.<....).)............#.#.
......)h)...........####.
.......#@........#.......
..#....#)...###.###.##...
......##.....#....#......
.cK......................
..K.###..........##......
h... #.....#....##.....)
... #..........##.#>...
................###
..##............##


You could see a warg.

Vanquished Creatures
  A two-headed ogre (D:8)
  Grinder (D:3)
  Prince Ribbit (D:5)
  A yak (D:7)
  Eustachio (D:5)
  A warg (D:8)
  A water moccasin (D:7)
  3 ice beasts
  4 orc warriors
  2 sky beasts
  2 black bears
  A hornet zombie (Ossuary)
  An ogre (D:6)
  A centaur (D:8)
  2 phantoms
  A kobold brigand (D:8)
  2 necrophages (D:6)
  2 bullfrogs (D:7)
  A wyvern zombie (Ossuary)
  2 scorpions
  A water moccasin zombie (Ossuary)
  3 wights (D:7)
  7 bullfrog zombies (Ossuary)
  4 centaur zombies (Ossuary)
  3 jellies
  A hound (D:4)
  4 orc priests
  Crazy Yiuf (D:5)
  2 iguanas
  Ijyb (D:3)
  4 orc wizards
  7 killer bee zombies (Ossuary)
  9 mummies (Ossuary)
  4 gnolls (D:6)
  A howler monkey zombie (Ossuary)
  9 adders
  2 shadow imps (D:6)
  3 dart slugs
  18 orcs
  5 ball pythons
  7 bats
  10 endoplasms
  5 giant cockroaches
  11 goblins
  9 hobgoblins
  6 jackals
  4 quokkas
  3 frilled lizards
  9 kobolds
  4 rats
188 creatures vanquished.

Vanquished Creatures (others)
  A plant (D:8)
  9 withered plants (Ossuary)
10 creatures vanquished.

Grand Total: 198 creatures vanquished

Notes
Turn   | Place    | Note
-------+----------+-------------------------------------------
     0 | D:1      | DildoBatman the Formicid Conjurer began the quest for the
                  | Orb.
     0 | D:1      | Reached XP level 1. HP: 13/13 MP: 3/3
   203 | D:1      | Found a faded altar of an unknown god.
   227 | D:1      | Reached XP level 2. HP: 19/19 MP: 0/5
   230 | D:1      | Learned a level 2 spell: Searing Ray
   499 | D:1      | Reached XP level 3. HP: 19/24 MP: 4/6
  1133 | D:2      | Reached XP level 4. HP: 27/29 MP: 3/7
  1428 | D:2      | Reached skill level 5 in Conjurations
  1952 | D:3      | You fall into a shaft and drop 1 floor!
  2248 | D:3      | Noticed Ijyb
  2345 | D:3      | HP: 1/24 [Ijyb/+0 dagger (5)]
  2347 | D:3      | Killed Ijyb
  2348 | D:3      | Reached XP level 5. HP: 2/32 MP: 0/8
  2436 | D:3      | Noticed Grinder
  3253 | D:4      | Noticed a phantom
  3262 | D:4      | Killed a phantom
  3263 | D:4      | Reached skill level 1 in Fighting
  3263 | D:4      | Reached skill level 1 in Armour
  3263 | D:4      | Reached XP level 6. HP: 39/43 MP: 0/9
  3268 | D:4      | Noticed a black bear
  3632 | D:4      | Reached skill level 3 in Spellcasting
  3704 | D:4      | Reached XP level 7. HP: 48/50 MP: 6/11
  4151 | D:5      | Entered Level 5 of the Dungeon
  4339 | D:5      | Reached skill level 4 in Spellcasting
  4360 | D:5      | Noticed Prince Ribbit
  4455 | D:5      | Found an iron altar of Okawaru.
  4459 | D:5      | Found a shimmering blue altar of Sif Muna.
  4516 | D:5      | Reached skill level 5 in Spellcasting
  4625 | D:5      | Found a runed translucent door.
  4626 | D:5      | Noticed Crazy Yiuf
  4694 | D:5      | Noticed Eustachio
  5269 | D:6      | Learned a level 3 spell: Conjure Flame
  5274 | D:6      | Identified 2 scrolls of acquirement
  5278 | D:6      | Acquired 841 gold pieces
  5279 | D:6      | Acquired 491 gold pieces
  5294 | D:6      | Reached XP level 8. HP: 58/58 MP: 8/15
  5399 | D:6      | Found a sand-covered staircase.
  5495 | D:6      | Found a stormy altar of Qazlal.
  5531 | Ossuary  | Entered an ossuary
  5769 | Ossuary  | Reached skill level 5 in Fire Magic
  6021 | Ossuary  | Reached XP level 9. HP: 63/63 MP: 6/17
  6152 | Ossuary  | Reached skill level 6 in Spellcasting
  6296 | Ossuary  | Reached skill level 7 in Spellcasting
  6429 | D:6      | Gained mutation: You are strong-willed. (Will+) [potion of
                  | mutation]
  6429 | D:6      | Gained mutation: You are dopey. (Int -2) [potion of
                  | mutation]
  6429 | D:6      | Gained mutation: You occasionally shout uncontrollably at
                  | your foes. [potion of mutation]
  6429 | D:6      | Gained mutation: You passively dampen the noise of your
                  | surroundings. [potion of mutation]
  6430 | D:6      | Lost mutation: You passively dampen the noise of your
                  | surroundings. [potion of mutation]
  6430 | D:6      | Lost mutation: You are dopey. (Int -2) [potion of mutation]
  6430 | D:6      | Gained mutation: Your natural rate of healing is unusually
                  | fast. [potion of mutation]
  6430 | D:6      | Gained mutation: You expend magic power (3 MP) to
                  | strengthen your wands. [potion of mutation]
  6586 | D:6      | Reached skill level 8 in Spellcasting
  6861 | D:7      | Learned a level 3 spell: Frozen Ramparts
  6898 | D:7      | Reached skill level 1 in Ice Magic
  6914 | D:7      | Found a staircase to the Ecumenical Temple.
  6923 | Temple   | Entered the Ecumenical Temple
  7158 | Temple   | Became a worshipper of Kikubaaqudgha
  7367 | D:3      | Killed Grinder
  7507 | D:5      | Killed Crazy Yiuf
  7598 | D:5      | Killed Eustachio
  7599 | D:5      | Reached XP level 10. HP: 73/73 MP: 10/22
  7652 | D:5      | Killed Prince Ribbit
  7808 | D:7      | Reached skill level 5 in Fighting
  7812 | D:7      | Reached skill level 5 in Armour
  8101 | D:7      | Noticed Joseph
  8146 | D:8      | Noticed a two-headed ogre
  8177 | D:7      | Reached skill level 5 in Ice Magic
  8280 | D:8      | Found a bloodstained altar of Trog.
  8342 | D:8      | HP: 2/74 [two-headed ogre/+0 dire flail (21)]
  8343 | D:8      | Killed a two-headed ogre
  8503 | D:8      | Slain by a warg

Illustrated notes

Levels and vault maps discovered:
D:1:      lemuel_arrival_hallway, layout_loops_ring,
          shapermc_ecumenical_altar_starsandcircs
D:2:      layout_basic
D:3:      layout_basic, serial_glass, glass_columns_b, glass_columns_b,
          item_on_display_a, item_on_display_a, item_on_display_a,
          item_on_display_a, uniq_ijyb, uniq_grinder
D:4:      layout_layer_cave
D:5:      layout_cave_pods, mainiacjoe_overflow_catwalk_spiral, uniq_eustachio,
          uniq_prince_ribbit1, uniq_crazy_yiuf_cottage
D:6:      layout_cave_pools, mainiacjoe_overflow_alcove_4,
          nicolae_ossuary_entry_false_entrances
D:7:      layout_rooms, minmay_temple_entry_large_hall,
          kennysheep_decorative_pillar, uniq_joseph
D:8:      layout_cave_pools, trog_antimagical, erik_lair_orcish_takeover
Temple:   mainiacjoe_temple_bowtie_tessellation

Skill      XL: |  1  2  3  4  5  6  7  8  9 10 |
---------------+-------------------------------+-----
Conjurations   | 4 5 6 |  6.0
Fighting       | 1 2 3 4 5 |  5.0
Armour         | 1 2 3 4 5 |  5.0
Dodging        | 2 3 |  3.0
Spellcasting   | 3 5 8 |  8.0
Fire Magic     | 2 6 |  6.0
Ice Magic      | 2 7 |  7.4
Stealth        | |  2.4

Action                   |  1- 3 |  4- 6 |  7- 9 | 10-12 || total
-------------------------+-------+-------+-------+-------++-------
Melee: Unarmed           |     9 |       |       |       ||     9
       Club              |    22 |       |       |       ||    22
       Dagger            |    24 |    69 |    99 |       ||   192
       Punch             |       |     1 |     1 |       ||     2
       Great sword       |       |       |       |    21 ||    21
       Long sword        |       |       |       |     1 ||     1
 Fire: Sling             |       |       |     3 |       ||     3
 Cast: Magic Dart        |    40 |    50 |    43 |     7 ||   140
       Searing Ray       |     1 |    12 |    41 |    20 ||    74
       Conjure Flame     |       |       |    24 |     2 ||    26
       Frozen Ramparts   |       |       |       |     1 ||     1
 Abil: Dig               |       |     4 |     4 |       ||     8
  Use: Scroll            |       |       |    12 |       ||    12
       Potion            |       |       |     2 |       ||     2
 Stab: Sleeping          |     4 |     2 |       |       ||     6
Armor: Robe              |    17 |    15 |    39 |    12 ||    83
Dodge: Dodged            |    33 |    50 |   109 |    49 ||   241
